 Dungeon Crawl Stone Soup version 0.28.0-1-gb440e238dd (webtiles) character file.

Game seed: 6817336601640782087

1685 iguanaiguana the Chopper (level 8, -1/73 HPs)
             Began as a Deep Dwarf Cinder Acolyte on Feb 19, 2022.
             Was an Initiate of Ignis.
             Slain by a yak (6 damage)
             ... on level 6 of the Dungeon.
             The game lasted 00:04:06 (2722 turns).

iguanaiguana the Chopper (DDCA)                     Turns: 2722, Time: 00:04:07

Health: -1/73      AC:  6    Str: 21    XL:     8   Next: 71%
Magic:  5/5        EV: 11    Int: 14    God:    Ignis [......]
Gold:   226        SH:  0    Dex:  8    Spells: 9/9 levels left

rFire   + . .      SeeInvis .   a - -1 hand axe (flame)
rCold   . . .      Faith    .   (no shield)
rNeg    . . .      Spirit   .   e - +0 ring mail
rPois   .          Reflect  .   (no helmet)
rElec   .          Harm     .   (no cloak)
rCorr   .          Rampage  .   (no gloves)
Will    +....                   (no boots)
Stlth   ++........              (no amulet)
HPRegen 0.00/turn               (no ring)
MPRegen 0.09/turn               (no ring)

@: no status effects
A: damage resistance, heal wounds, sense surroundings 1, no regeneration
a: Heal Wounds, Renounce Religion, Rising Flame


You were on level 6 of the Dungeon.
You worshipped Ignis.
Ignis was noncommittal.
You visited 1 branch of the dungeon, and saw 6 of its levels.

You collected 226 gold pieces.

Inventory:

Hand Weapons
 a - a -1 hand axe of flaming (weapon)
Missiles
 o - 2 curare-tipped darts
Armour
 b - a +0 robe
 e - a +0 ring mail (worn)
Jewellery
 f - a ring of wizardry
Wands
 n - a wand of iceblast (11) {@v2}
Scrolls
 c - 2 scrolls of immolation {unknown}
 d - 5 scrolls of identify {unknown}
 l - a scroll of vulnerability {unknown}
 p - a scroll of fear {unknown}
Potions
 g - a potion of might {unknown}
 h - 2 potions of curing {unknown}
 i - 3 potions of heal wounds {unknown}
 j - a potion of berserk rage {unknown}
 k - 2 potions of cancellation {unknown}
 m - 2 potions of degeneration {unknown}


   Skills:
 + Level 4.9 Fighting
 * Level 7.9 Axes
 + Level 4.5 Armour
 + Level 4.5 Dodging
 + Level 5.7 Stealth
 - Level 1.2 Spellcasting
 - Level 2.8 Fire Magic


You had 9 spell levels left.
You didn't know any spells.
Your spell library contained the following spells:

 Spells                   Type           Power      Damage    Failure   Level
 Scorch                   Fire           16%        2d6       19%         2


Dungeon Overview and Level Annotations

Branches:
Dungeon (6/15)
 Temple: D:4-7

Altars:

Shops:
D:1 *


Innate Abilities, Weirdness & Mutations

You are resistant to damage.
You can heal yourself by infusing magical energy.
You passively map a small area around you.
You do not regenerate.


Message History

The yak is severely wounded.
The yak gores you but does no damage.
You hit the yak but do no damage.
The yak is severely wounded.
The yak closely misses you.
You hit the yak. You burn the yak.
The yak is severely wounded.
The yak gores you but does no damage.
You hit the yak. You burn the yak.
The yak is severely wounded.
The yak closely misses you.
You hit the yak but do no damage.
The yak is severely wounded.
The yak barely misses you.
You hit the yak. You burn the yak.
The yak is almost dead.
The yak gores you!
You are too injured to fight recklessly!
You are too injured to fight recklessly!
You are too injured to fight recklessly!
You are too injured to fight recklessly!
Unknown command.
You are too injured to fight recklessly!
You are too injured to fight recklessly!
You are too injured to fight recklessly!
You are too injured to fight recklessly!
You are too injured to fight recklessly!
You are too injured to fight recklessly!
Unknown command.
You are too injured to fight recklessly!
You are too injured to fight recklessly!
You are too injured to fight recklessly!
You hit the yak but do no damage.
The yak is almost dead.
The yak closely misses you.
You closely miss the yak.
The yak is almost dead.
The yak gores you!
You hit the yak but do no damage.
The yak is almost dead.
The yak barely misses you.
You hit the yak but do no damage.
The yak is almost dead.
The yak gores you but does no damage.
You barely miss the yak.
The yak is almost dead.
You hit the yak. You burn the yak.
You kill the yak!
You closely miss the yak. The yak closely misses you.
You completely miss the yak. The yak gores you but does no damage.
You hit the yak. You burn the yak.
The yak is lightly wounded.
The yak barely misses you.
You hit the yak. You burn the yak.
The yak is moderately wounded.
The yak gores you.
You hit the yak but do no damage.
The yak is moderately wounded.
The yak gores you!
* * * LOW HITPOINT WARNING * * *
You hit the yak but do no damage.
The yak is moderately wounded.
The yak barely misses you.
You hit the yak but do no damage.
The yak is moderately wounded.
The yak gores you but does no damage.
You hit the yak but do no damage.
The yak is moderately wounded.
You hit the yak. You burn the yak.
The yak is moderately wounded.
The yak barely misses you.
You hit the yak but do no damage.
The yak is moderately wounded.
The yak closely misses you.
You hit the yak. You burn the yak.
The yak is heavily wounded.
The yak gores you.
* * * LOW HITPOINT WARNING * * *
You barely miss the yak.
The yak is heavily wounded.
The yak gores you but does no damage.
You closely miss the yak. You punch the yak, but do no damage.
The yak is heavily wounded.
The yak gores you!
* * * LOW HITPOINT WARNING * * *
You hit the yak. You burn the yak.
The yak is severely wounded.
The yak gores you.
* * * LOW HITPOINT WARNING * * *
You hit the yak. You burn the yak.
The yak is severely wounded.
The yak misses you.
You hit the yak but do no damage.
The yak is severely wounded.
The yak gores you.
* * * LOW HITPOINT WARNING * * *
You barely miss the yak.
The yak is severely wounded.
The yak gores you!
You die...

*##..............
* ................
...............
*,,*#.............
,, #.............
, *, #......(.....
, , ##
#...cY..c.... , ..
####Y####....* *#
#.## ##@## * ..# *
# #..##..# .... *
# ## *#.....# ,,
#...#*## .#
###...## #....##.
* .# ##.....## *
#.......
*#.##.......#
........
#.#..#........ ,
........
##.######.####
....#..... #..# .#
*#.........


You could see 2 yaks and a centaur.

Vanquished Creatures
  4 yaks (D:6)
  A wraith (D:6)
  A black bear (D:5)
  A centaur (D:6)
  An ogre (D:5)
  2 scorpions
  A wyvern skeleton (D:5)
  2 water moccasin skeletons (D:5)
  A bullfrog zombie (D:6)
  A hound (D:5)
  A centaur skeleton (D:6)
  2 orc priests
  Jessica (D:2)
  Natasha (twice) (D:2)
  An orc wizard (D:3)
  An iguana (D:5)
  Robin (D:2)
  5 adders
  A shadow imp (D:5)
  A white imp (D:5)
  2 adder skeletons
  A worm (D:2)
  3 dart slugs
  5 orcs
  4 ball pythons
  3 bats
  9 endoplasms
  3 giant cockroaches (D:1)
  17 goblins
  8 hobgoblins
  2 kobolds
  A quokka (D:2)
  6 frilled lizards
  9 rats
104 creatures vanquished.

Vanquished Creatures (others)
  13 foxfires (D:6)
13 creatures vanquished.

Grand Total: 117 creatures vanquished

Notes
Turn   | Place    | Note
-------+----------+-------------------------------------------
     0 | D:1      | iguanaiguana the Deep Dwarf Cinder Acolyte began the quest
                  | for the Orb.
     0 | D:1      | Reached XP level 1. HP: 20/20 MP: 2/2
   117 | D:1      | Reached XP level 2. HP: 24/27 MP: 3/3
   192 | D:1      | Found a faded altar of an unknown god.
   393 | D:1      | Found Xuakloi's Assorted Antiques.
   526 | D:1      | Reached XP level 3. HP: 33/33 MP: 4/4
   652 | D:1      | Reached skill level 1 in Stealth
   776 | D:2      | Noticed Natasha
   782 | D:2      | Killed Natasha
   783 | D:2      | Reached skill level 4 in Axes
   783 | D:2      | Reached skill level 1 in Armour
   783 | D:2      | Reached skill level 1 in Dodging
   811 | D:2      | Noticed Robin
   814 | D:2      | Reached XP level 4. HP: 37/42 MP: 5/5
   818 | D:2      | Killed Robin
   962 | D:2      | Noticed Jessica
   969 | D:2      | Killed Jessica
   970 | D:2      | Noticed Natasha
   977 | D:2      | Killed Natasha
   978 | D:2      | Reached XP level 5. HP: 49/49 MP: 6/6
  1434 | D:3      | Reached skill level 5 in Axes
  1588 | D:3      | Reached XP level 6. HP: 54/56 MP: 6/6
  1944 | D:5      | Entered Level 5 of the Dungeon
  1992 | D:5      | Reached XP level 7. HP: 46/63 MP: 7/7
  2036 | D:5      | Reached skill level 6 in Axes
  2389 | D:6      | Noticed a yak
  2389 | D:6      | Noticed a yak
  2390 | D:6      | Noticed a yak
  2406 | D:6      | Killed a yak
  2411 | D:6      | Killed a yak
  2412 | D:6      | Reached XP level 8. HP: 23/73 MP: 7/7
  2413 | D:6      | Reached skill level 7 in Axes
  2425 | D:6      | Reached skill level 5 in Stealth
  2571 | D:6      | HP: 2/73 [wraith (2)]
  2722 | D:6      | Slain by a yak

Illustrated notes

Levels and vault maps discovered:
D:1:      nzn_arrival_water_spiral, layout_basic, serial_shops,
          nicolae_shop_hallway_plus, chequers_ecumenical_altar_simple_redux,
          wad_floor_pattern_untrapped
D:2:      layout_loops_corners, uniq_robin, uniq_sigmund, uniq_natasha,
          uniq_jessica
D:3:      layout_basic, beargit_hepliaklqana_dungeon_heroes,
          mainiacjoe_overflow_alcove_1, dk_vineyard_3
D:4:      layout_loops_ring
D:5:      layout_rooms
D:6:      layout_layer_cave, minmay_temple_entry_gardened_gates

Skill      XL: |  1  2  3  4  5  6  7  8 |
---------------+-------------------------+-----
Stealth        | 1 2 3 4 5 |  5.7
Fighting       | 3 4 |  4.9
Axes           | 4 5 6 7 |  7.9
Armour         | 1 2 3 4 |  4.5
Dodging        | 1 2 3 4 |  4.5
Spellcasting   | |  1.2
Fire Magic     | |  2.8

Action                   |  1- 3 |  4- 6 |  7- 9 || total
-------------------------+-------+-------+-------++-------
Melee: Hand axe          |    60 |   148 |   121 ||   329
       Punch             |       |     1 |     2 ||     3
Invok: Fiery Armour      |     7 |     2 |     2 ||    11
       Foxfire Swarm     |       |       |     1 ||     1
 Abil: Heal Wounds       |     1 |     6 |    12 ||    19
 Stab: Sleeping          |       |       |     1 ||     1
Armor: Robe              |     5 |       |       ||     5
       Ring mail         |    18 |    60 |    44 ||   122
Dodge: Dodged            |    30 |    80 |    68 ||   178
